 Dungeon Crawl Stone Soup version 0.31-a0-1547-g618ab1f346 (webtiles) character file.

Game seed: 17658424569660545737

1496885 seandewar5 the Ninja (level 27, 159/159 HPs)
             Began as a Vine Stalker Brigand on Jan 2, 2024.
             Was a Priest of Uskayaw.
             Escaped with the Orb
             ... and 3 runes on Jan 3, 2024!
             The game lasted 05:52:33 (89506 turns).

seandewar5 the Ninja (Vine Stalker Brigand)        Turns: 89506, Time: 05:52:34

Health: 159/159    AC: 28    Str:  8 (9)  XL:     27
Magic:  40/40      EV: 27    Int: 11      God:    Uskayaw [***...]
Gold:   2917       SH: 11    Dex: 31      Spells: 50/50 levels left

rFire   + + .        b - +7 quick blade (spect)
rCold   + + +        p - +2 buckler "Hero's Friend" {rElec rPois Will+ Stlth-}
rNeg    . . .        B - quicksilver dragon scales
rPois   +            E - +2 helmet
rElec   +            l - +2 cloak of the Tick {rC+ Slay+3}
rCorr   +            s - +2 pair of gloves
SInv    +            L - +2 pair of boots {Stlth+}
Will    +++++        x - amulet of regeneration
Stlth   ++++         C - ring "Potischiakk" {rF+++ Will+ rCorr Str-2 SInv}
HPRegen 2.06/turn    F - ring "Kypag" {rPois rC++ EV+5 Str-4 Dex+2}
MPRegen 0.27/turn

%: guardian spirit
@: studying Staves
A: fangs 3, regeneration 1, magic shield, antimagic bite, no potion heal 2,
deterioration 1, strong-willed 1, heat vulnerability 1, persistent drain
0: Orb of Zot
}: 3/15 runes: decaying, serpentine, silver
a: Renounce Religion, Stomp, Line Pass


You escaped.
You worshipped Uskayaw.
Uskayaw was most pleased with you.
You visited 9 branches of the dungeon, and saw 47 of its levels.

You collected 6717 gold pieces.
You spent 3800 gold pieces at shops.

Inventory:

Hand Weapons
 a - a +9 rapier of electrocution
 b - a +7 spectral quick blade (weapon)
Missiles
 j - 4 throwing nets {!f}
 V - 5 curare-tipped darts (quivered)
 W - 5 javelins
Armour
 l - the +2 cloak of the Tick (worn) {rC+ Slay+3}
   (You found it on level 4 of the Lair of Beasts)

   Slay+3:    It affects your accuracy & damage with ranged weapons and melee
   (+3).
   rC+:       It protects you from cold.
 p - the +2 buckler "Hero's Friend" (worn) {rElec rPois Will+ Stlth-}
   (You found it on level 1 of the Vaults)

   rElec:     It insulates you from electricity.
   rPois:     It protects you from poison Will+: It increases your willpower.
   Stlth-:    It makes you less stealthy.
 s - a +2 pair of gloves (worn)
 y - +2 steam dragon scales
 B - quicksilver dragon scales (worn)
 E - a +2 helmet (worn)
 L - a +2 pair of boots of stealth (worn)
Jewellery
 m - a ring of protection from cold
 u - the amulet of the Heavens {Reflect Str+2 SH+5}
   (You found it on level 2 of the Depths)

   [amulet of reflection]

   Reflect:   It reflects blocked missile attacks.
   Str+2:     It affects your strength (+2).
   SH+5:      It affects your SH (+5).
 x - an amulet of regeneration (around neck)
 C - the ring "Potischiakk" (left hand) {rF+++ Will+ rCorr Str-2 SInv}
   (You took it off an orc priest on level 6 of the Dungeon)

   [ring of willpower]

   Str-2:     It affects your strength (-2).
   rF+++:     It renders you almost immune to fire.
   Will+:     It increases your willpower.
   SInv:      It lets you see invisible.
   rCorr:     It protects you from acid and corrosion.
 F - the ring "Kypag" (right hand) {rPois rC++ EV+5 Str-4 Dex+2}
   (You bought it in a shop on level 1 of the Depths)

   [ring of evasion]

   EV+5:      It affects your evasion (+5).
   Str-4:     It affects your strength (-4).
   Dex+2:     It affects your dexterity (+2).
   rC++:      It greatly protects you from cold.
   rPois:     It protects you from poison
 J - the ring "Vogalocyt" {Fly rPois Dex+3}
   (You found it on level 5 of the Vaults)

   [ring of flight]

   Dex+3:     It affects your dexterity (+3).
   rPois:     It protects you from poison Fly: It grants you flight.
 Q - a +6 ring of dexterity
Wands
 e - a wand of paralysis (19)
 t - a wand of iceblast (61)
 w - a wand of polymorph (34)
 N - a wand of digging (24)
 T - a wand of mindburst (38)
 U - a wand of acid (16)
Scrolls
 c - 5 scrolls of silence
 f - 6 scrolls of fog
 o - 12 scrolls of teleportation
 D - 7 scrolls of vulnerability
 H - 2 scrolls of fear
 I - 4 scrolls of immolation
 K - 5 scrolls of amnesia
 O - 5 scrolls of torment
 R - 2 scrolls of brand weapon
 X - 5 scrolls of blinking
 Y - 3 scrolls of revelation
 Z - 6 scrolls of poison
Potions
 d - 3 potions of invisibility
 g - 9 potions of enlightenment
 h - 2 potions of haste
 i - 27 potions of curing
 k - 4 potions of cancellation {!q}
 n - 7 potions of brilliance
 q - 6 potions of magic
 r - 5 potions of attraction
 v - 6 potions of ambrosia {!q}
 z - a potion of might
 A - 6 potions of lignification {!q}
 M - 4 potions of resistance
 P - 3 potions of mutation
 S - a potion of berserk rage {!q}
Miscellaneous
 G - a phantom mirror


   Skills:
 + Level 21.3 Fighting
 - Level 14.0 Short Blades
 - Level 10.0 Throwing
 - Level 12.0 Armour
 + Level 13.8 Dodging
 O Level 27 Stealth
 - Level 12.0 Shields
 + Level 12.3 Spellcasting
 + Level 18.7 Invocations
 - Level 12.0 Evocations


You had 50 spell levels left.
You didn't know any spells.
Your spell library contained the following spells:

 Spells                   Type           Power      Damage    Failure   Level
 Foxfire                  Conj/Fire      24%        2x1d5     30%         1
 Kiss of Death            Conj/Necr      24%        2d7       30%         1
 Magic Dart               Conj           24%        1d4       30%         1
 Sandblast                Erth           12%        2d6       30%         1
 Shock                    Conj/Air       24%        1d4       30%         1
 Slow                     Hex            24%        N/A       30%         1
 Sting                    Conj/Alch      24%        1d4       30%         1
 Blink                    Tloc           12%        N/A       43%         2
 Call Imp                 Summ           12%        N/A       43%         2
 Cigotuvi's Dreadful Rot  Necr/Alch/Air  12%        N/A       43%         2
 Ensorcelled Hibernation  Hex/Ice        12%        N/A       43%         2
 Lesser Beckoning         Tloc           12%        N/A       43%         2
 Mercury Vapours          Alch/Air       12%        N/A       43%         2
 Momentum Strike          Conj/Tloc      12%        3d8       43%         2
 Sublimation of Blood     Necr           6%         N/A       43%         2
 Call Canine Familiar     Summ           6%         N/A       67%         3
 Confusing Touch          Hex            6%         N/A       67%         3
 Fugue of the Fallen      Necr           6%         N/A       67%         3
 Gell's Gravitas          Tloc           6%         N/A       67%         3
 Ozocubu's Armour         Ice            6%         N/A       67%         3
 Passwall                 Erth           6%         N/A       67%         3
 Sigil of Binding         Hex            6%         N/A       67%         3
 Stone Arrow              Conj/Erth      12%        3d7       67%         3
 Swiftness                Air            6%         N/A       67%         3
 Teleport Other           Tloc           6%         N/A       67%         3
 Tukima's Dance           Hex            6%         N/A       67%         3
 Vampiric Draining        Necr           6%         2d6       67%         3
 Volatile Blastmotes      Fire/Tloc      12%        2d11      67%         3
 Airstrike                Air            3%         2d(1-17)  97%         4
 Anguish                  Hex/Necr       3%         N/A       97%         4
 Brom's Barrelling Bould  Conj/Erth      6%         2d3       97%         4
 Dimensional Bullseye     Hex/Tloc       3%         N/A       97%         4
 Dispel Undead            Necr           6%         3d8       97%         4
 Ignite Poison            Fire/Alch      6%         N/A       97%         4
 Iskenderun's Mystic Bla  Conj/Tloc      6%         2d4       97%         4
 Leda's Liquefaction      Alch/Erth      3%         N/A       97%         4
 Olgreb's Toxic Radiance  Alch           6%         N/A       97%         4
 Passage of Golubria      Tloc           6%         N/A       97%         4
 Petrify                  Alch/Erth      6%         N/A       97%         4
 Summon Blazeheart Golem  Fire/Summ      6%         N/A       97%         4
 Summon Lightning Spire   Summ/Air       6%         N/A       97%         4
 Arcjolt                  Conj/Air       3%         1d13      100%        5
 Fireball                 Conj/Fire      3%         3d4       100%        5
 Freezing Cloud           Conj/Ice/Air   3%         6-21      100%        5
 Irradiate                Conj/Alch      3%         3d12      100%        5
 Lee's Rapid Deconstruct  Erth           3%         3d5*      100%        5
 Metabolic Englaciation   Hex/Ice        3%         N/A       100%        5
 Silence                  Hex/Air        3%         N/A       100%        5
 Summon Forest            Summ/Tloc      3%         N/A       100%        5
 Summon Mana Viper        Hex/Summ       6%         N/A       100%        5
 Yara's Violent Unravell  Hex/Alch       3%         3d4       100%        5
 Bombard                  Conj/Erth      3%         9d1       100%        6
 Dispersal                Tloc           3%         N/A       100%        6
 Plasma Beam              Fire/Air       3%         2x1d13    100%        6
 Sculpt Simulacrum        Ice/Alch       3%         N/A       100%        6
 Starburst                Conj/Fire      3%         6d3       100%        6
 Summon Cactus Giant      Summ           3%         N/A       100%        6
 Malign Gateway           Summ/Tloc      3%         N/A       100%        7
 Orb of Destruction       Conj           3%         9d5       100%        7
 Ozocubu's Refrigeration  Ice            3%         4d8       100%        7
 Spellforged Servitor     Conj/Summ      3%         N/A       100%        7
 Summon Hydra             Summ           3%         N/A       100%        7
 Discord                  Hex            3%         N/A       100%        8
 Lehudib's Crystal Spear  Conj/Erth      3%         10d2      100%        8
 Summon Horrible Things   Summ           3%         N/A       100%        8
 Chain Lightning          Conj/Air       3%         3d4       100%        9
 Dragon's Call            Summ           3%         N/A       100%        9
 Fire Storm               Conj/Fire      3%         8d1       100%        9
 Polar Vortex             Ice            3%         N/A       100%        9
 Shatter                  Erth           3%         3d7*      100%        9


Dungeon Overview and Level Annotations

Branches:
Dungeon (15/15)            Temple (0/1) D:5            Lair (5/5) D:8
  Swamp (4/4) Lair:3        Snake (4/4) Lair:3        Slime (0/5) Lair:5
    Orc (2/2) D:12            Elf (3/3) Orc:2        Vaults (5/5) D:14
  Crypt (0/3) Vaults:3     Depths (4/4) D:15            Zot (5/5) Depths:4

Altars:
Cheibriados
Dithmenos
Kikubaaqudgha
Makhleb
Qazlal
Ru
Sif Muna
Uskayaw
Vehumet
Wu Jian
Xom
Yredelemnul
Jiyva

Shops:
D:4 :   D:6 :   D:14 =   Orc:2 *[*[?![(:   Elf:3 *   Snake:2 !   Vaults:4 ?*
Vaults:5 [   Depths:1 (==:   Depths:2 [!

Portals:
Hell: Depths:1 Depths:2 Depths:3 Depths:4
Abyss: Depths:3
Pandemonium: Depths:2
Ziggurat: Depths:1
Trove: Elf:2 (give 4 scrolls of fear)

Annotations:
Swamp:4 Lernaean hydra
Vaults:2 36 runed doors, 2 transporters, exclusion: 36 doors, SlowGraham's ghost, legendary KoMo
Depths:2 exclusion: downstairs
Zot:1 exclusion: downstairs
Zot:4 exclusion: downstairs


Innate Abilities, Weirdness & Mutations

You have razor-sharp teeth.
Your natural rate of healing is unusually fast.
When hurt, damage is shared between your health and your magic reserves.
Your bite disrupts and absorbs the magic of your enemies.
Potions cannot restore your health.
Your body sometimes deteriorates upon taking damage.
You are strong-willed. (Will+)
You are vulnerable to heat. (rF-)
Your health recovers twice as slowly from being drained.


Message History

The Executioner's magic leaks into the air.
You drain its magic.
The Executioner is almost dead.
Your +7 spectral quick blade hits the Executioner!
You kill the Executioner!
You can now pass through a line of other dancers.
You swap places.
Your +7 spectral quick blade disappears.
You hit the large abomination but do no damage.
You bite the large abomination, but do no damage.
You closely miss the large abomination. You bite the large abomination!
You drain its power.
The large abomination is moderately damaged.
Your +7 spectral quick blade hits the large abomination!
Your +7 spectral quick blade hits the large abomination.
The large abomination barely misses your +7 spectral quick blade.
You puncture the large abomination! You bite the large abomination.
You drain its power. You closely miss the large abomination.
You bite the large abomination. You drain its power.
The large abomination is almost destroyed.
Your +7 spectral quick blade hits the large abomination!
You destroy the large abomination!
Your +7 spectral quick blade disappears.
The large abomination hits you but does no damage.
You puncture the large abomination! You bite the large abomination!
You drain its power.
You hit the large abomination but do no damage.
You bite the large abomination! You drain its power.
The large abomination is severely damaged.
Your +7 spectral quick blade hits the large abomination but does no damage.
Your +7 spectral quick blade hits the large abomination.
You block the large abomination's attack.
Uskayaw will force your foes to helplessly watch your dance.
Uskayaw prepares the audience for your solo!
The helpless large abomination fails to defend itself.
You perforate the large abomination like a sieve!!!!!!
You destroy the large abomination!
Your +7 spectral quick blade disappears.
There is a staircase leading out of the dungeon here.
You have escaped!

.# ##....# .## #####.## ###
..###.###..######## #####.#
...##.........#...###...#.#
....##...................##
###....#......#####.......#
..####.....####...####....#
.....###'###.........###..#
⌠......'.'......@......#..#
.....###'###.........###..#
..####.....####...####....#
###...XX###...#####.....###
.....##1..##..........###
.###############....### ##
######


There were no monsters in sight!

Vanquished Creatures
  8 dread liches
  5 orbs of fire
  A juggernaut (Depths:4)
  Boris (thrice) (Vaults:2 Vaults:5 Depths:4)
  5 Killer Klowns (Zot:5)
  3 caustic shrikes (Depths:4)
  5 curse toes
  8 golden dragons
  A Brimstone Fiend (Depths:3)
  Rupert (Lair:3)
  Mlioglotl (Snake:4)
  15 tentacled monstrosities
  25 Orb Guardians (Zot:5)
  7 electric golems
  2 walking earthen tomes
  10 quicksilver dragons
  An Ice Fiend (Zot:5)
  12 sphinxes
  2 walking frostbound tomes
  2 deep elf master archers (Elf:3)
  3 deep elf blademasters
  5 titans
  A walking divine tome (Zot:2)
  10 death cobs
  3 Executioners
  The ghost of melvinkitnick the Earth Mage, an adept DEIE of Vehumet (Vaults:1)
  Agnes (D:14)
  Kirke (Swamp:2)
  14 shadow dragons
  A thorn hunter (Swamp:1)
  Frances (D:13)
  15 storm dragons
  2 protean progenitors (Zot:3)
  6 nagarajas (Snake:4)
  8 tengu reavers
  4 draconian knights
  7 fire giants
  3 draconian monks
  3 narguns (Zot:2)
  9 deep elf sorcerers
  4 iron dragons
  2 juggernaut zombies
  10 frost giants
  4 draconian shifters
  3 draconian scorchers
  5 ghost moths
  7 draconian annihilators
  Louise (D:14)
  A balrug (Depths:3)
  4 deep elf elementalists (Elf:3)
  21 vault wardens
  5 draconian stormcallers
  3 spriggan defenders (Depths:4)
  A reaper (D:12)
  7 ironbound thunderhulks
  2 quicksilver oozes (Vaults:4)
  The ghost of Bnni the Geomancer, a journeyman FoEE of Cheibriados (D:14)
  A caustic shrike skeleton (Depths:1)
  A cacodemon (Depths:3)
  A formless jellyfish (Vaults:4)
  24 ironbound preservers
  2 vampire knights (Depths:4)
  16 very ugly things
  19 stone giants
  A juggernaut skeleton (Depths:1)
  7 deep elf annihilators
  14 deep elf demonologists
  10 black draconians
  6 eleionomae
  A lorocyproca (Depths:2)
  Nessos (Lair:5)
  5 war gargoyles (Vaults:5)
  8 red draconians
  12 green draconians
  6 white draconians
  A bunyip (Lair:5)
  14 yellow draconians
  13 dire elephants
  13 purple draconians
  15 spark wasps
  13 ettins
  3 blizzard demons
  3 eidola (Vaults:3)
  8 fire dragons
  The ghost of IcantSneed the Mimic, a journeyman OpSh of Gozag (Orc:2)
  An entropy weaver (Vaults:1)
  An entropy weaver (shapeshifter) (Elf:1)
  A caustic shrike simulacrum (D:15)
  14 yaktaur captains
  2 salamander tyrants (Snake:4)
  8 ice dragons
  33 vault guards
  5 great orbs of eyes
  A shambling mangrove (Swamp:2)
  10 deep elf high priests
  22 hydras
  7 rakshasas
  2 ghost crabs
  A catoblepas (Lair:1)
  7 ogre magi
  7 anacondas
  30 two-headed ogres
  8 alligators
  8 ironbound frosthearts
  5 spriggan air magi
  8 naga warriors
  15 centaur warriors
  A two-headed ogre (shapeshifter) (Depths:4)
  Erica (D:9)
  8 boulder beetles
  A sphinx skeleton (Depths:2)
  2 vampire magi
  37 dancing weapons
  The ghost of Jecuruykh the Fighter, a journeyman GrCj of Hepliaklqana (Lair:1)
  13 death yaks
  4 deep troll shamans
  An occultist (D:15)
  4 tengu warriors
  7 naga sharpshooters
  5 deep troll earth magi
  An orc high priest (Elf:1)
  6 spriggan berserkers
  4 shock serpents
  19 deep elf knights
  12 hell knights
  A soul eater (Depths:2)
  A skyshark (Lair:5)
  A fire crab (shapeshifter) (D:15)
  A sixfirhy (Depths:2)
  A storm dragon zombie (D:15)
  5 iron trolls
  A sea snake (shapeshifter) (Vaults:5)
  4 flayed ghosts
  A golden dragon zombie (D:15)
  6 salamander mystics
  5 spriggan druids
  5 sea snakes (Snake:2)
  8 goliath frogs
  7 glowing orange brains
  A spectral iron dragon (D:15)
  48 deep trolls
  2 large abominations (D:1)
  18 ironbound convokers
  An orb spider (shapeshifter) (Depths:4)
  5 naga ritualists
  A tengu zombie (Depths:2)
  6 bog bodies
  14 deep elf archers
  11 swamp dragons
  3 arcanists
  17 lindwurms
  A mana viper (shapeshifter) (Vaults:5)
  11 mana vipers
  2 phantasmal warriors (Vaults:5)
  13 harpies
  25 deep elf zephyrmancers
  4 orc knights
  A fire giant zombie (Depths:1)
  A lightning spire (Zot:3)
  39 deep elf pyromancers
  An iron dragon zombie (Depths:2)
  The ghost of megamayne420 the Cleaver, a novice HOMo of the Shining One (D:12)
  A sphinx simulacrum (Depths:1)
  10 necromancers
  A tengu skeleton (Depths:2)
  2 orc sorcerers
  A stone giant zombie (Depths:1)
  12 manticores
  Maurice (Orc:2)
  29 ugly things
  A stone giant skeleton (Depths:2)
  3 will-o-the-wisps
  22 moths of wrath
  5 cyclopes
  14 salamanders
  3 centaur zombies (D:15)
  A frost giant zombie (Depths:1)
  An elephant (shapeshifter) (Vaults:5)
  17 naga magi
  16 elephants
  7 apocalypse crabs (Zot:1)
  Joseph (D:9)
  3 guardian serpents
  15 vault sentinels
  6 meliai (D:14)
  2 kobold blastminers (Orc:2)
  26 black mambas
  A titan simulacrum (D:15)
  A water nymph (shapeshifter) (Elf:2)
  Jeremiah (D:8)
  A frost giant skeleton (Depths:2)
  21 cane toads
  A rime drake (Depths:2)
  2 gargoyles
  3 kobold demonologists (D:12)
  2 efreet (D:14)
  2 ice devils (D:11)
  8 komodo dragons
  A spark wasp simulacrum (Depths:1)
  3 unseen horrors
  23 yaktaurs
  2 freezing wraiths (D:14)
  A golden dragon simulacrum (D:15)
  4 trolls
  A bloated husk (Swamp:1)
  7 tengu conjurers
  11 hornets
  A troll (shapeshifter) (D:15)
  A polar bear (shapeshifter) (Elf:2)
  Grinder (D:6)
  A tarantella (shapeshifter) (Depths:3)
  3 polar bears
  8 tyrant leeches
  A tarantella (Vaults:5)
  18 blink frogs
  A spriggan zombie (D:15)
  2 glass eyes
  A stone giant simulacrum (Depths:2)
  12 dream sheep
  A shadow (D:10)
  13 spriggans
  A frost giant simulacrum (D:15)
  6 air elementals
  30 slime creatures
  31 yaks
  An ettin skeleton (Depths:2)
  6 wyverns
  3 water elementals
  3 fire bats (Depths:1)
  A basilisk (shapeshifter) (Vaults:5)
  3 hogs
  7 basilisks
  4 fire elementals
  4 wargs
  A steam dragon (D:9)
  19 vampire mosquitoes
  5 redbacks
  4 chaos spawn
  19 swamp worms
  A swamp worm (shapeshifter) (Vaults:5)
  A redback (shapeshifter) (Depths:4)
  A glowing shapeshifter zombie (Depths:2)
  A human zombie (D:15)
  40 nagas
  4 acid dragons
  4 hell hounds (Depths:2)
  14 water moccasins
  An ice beast (D:7)
  7 swamp drakes
  22 orc warriors
  A human skeleton (Depths:1)
  3 black bears
  A sky beast (D:8)
  4 laughing skulls
  20 centaurs
  33 ogres
  2 boggarts (D:14)
  A phantom (D:4)
  13 kobold brigands
  19 bullfrogs
  2 earth elementals (Elf:1)
  3 scorpions
  14 wights
  An electric eel (Lair:5)
  4 howler monkeys
  A bombardier beetle (D:4)
  18 orc priests
  4 hounds
  A jelly (D:8)
  6 iguanas
  6 hell rats
  19 orc wizards
  A mummy (D:6)
  A river rat (Lair:2)
  4 adders
  4 ufetubi (D:7)
  3 ribbon worms
  A dart slug (D:2)
  75 orcs
  5 ball pythons
  7 endoplasms
  4 giant cockroaches
  5 goblins
  8 hobgoblins
  3 jackals (D:1)
  10 kobolds
  3 quokkas
  3 bats
  2 frilled lizards
  A hobgoblin zombie (D:6)
  An orc zombie (D:6)
  8 rats
  An aspiring flesh (Zot:3)
2041 creatures vanquished.

Vanquished Creatures (others)
  A sphinx (Vaults:5)
  The ghost of TheWayOfAllFlesh the Warrior, a journeyman DjFE of Ru (D:15)
  A deep elf death mage (Vaults:5)
  An ugly thing (D:13)
  A bloated husk (Swamp:2)
  3 ball lightnings (D:15)
  14 foxfires (Swamp:3)
  37 spectral weapons
59 creatures vanquished.

Grand Total: 2100 creatures vanquished

Notes
Turn   | Place    | Note
-------+----------+-------------------------------------------
     0 | D:1      | seandewar5 the Vine Stalker Brigand began the quest for the
                  | Orb.
     0 | D:1      | Reached XP level 1. HP: 11/11 MP: 2/2
   128 | D:1      | Found a faded altar of an unknown god.
   891 | D:1      | Reached XP level 2. HP: 16/16 MP: 3/3
  1057 | D:2      | Reached skill level 5 in Stealth
  1211 | D:2      | Reached XP level 3. HP: 19/19 MP: 4/4
  1862 | D:3      | Found a snail-covered altar of Cheibriados.
  1862 | D:3      | Found a hide-covered altar of Uskayaw.
  1866 | D:3      | Became a worshipper of Uskayaw the Reveller
  1928 | D:3      | Reached * piety under Uskayaw
  1930 | D:3      | Reached XP level 4. HP: 24/24 MP: 5/5
  1958 | D:3      | Found a shimmering blue altar of Sif Muna.
  2322 | D:3      | Reached skill level 6 in Stealth
  2462 | D:3      | Reached ** piety under Uskayaw
  2946 | D:4      | Found a shimmering altar of Xom.
  3063 | D:3      | Reached XP level 5. HP: 28/28 MP: 6/6
  3111 | D:3      | Found a sacrificial altar of Ru.
  3112 | D:3      | Found a shadowy altar of Dithmenos.
  3112 | D:3      | You fall into a shaft and drop 3 floors!
  3118 | D:6      | Noticed a centaur
  3132 | D:6      | Noticed a water moccasin
  3155 | D:6      | Noticed Grinder
  3210 | D:6      | Found an ornate altar of the Wu Jian Council.
  3238 | D:5      | Entered Level 5 of the Dungeon
  3608 | D:4      | Found a stormy altar of Qazlal.
  3611 | D:4      | Noticed a phantom
  3671 | D:4      | Noticed an ogre
  3682 | D:4      | Found Ruyf's Tiny Tomes.
  3790 | D:4      | Noticed a black bear
  3848 | D:4      | Reached skill level 7 in Stealth
  3848 | D:4      | Reached XP level 6. HP: 29/33 MP: 5/7
  4172 | D:4      | Killed a black bear
  4463 | D:3      | Found an ancient bone altar of Kikubaaqudgha.
  4465 | D:3      | Found a radiant altar of Vehumet.
  4466 | D:3      | Found a burning altar of Makhleb.
  4466 | D:3      | Found a basalt altar of Yredelemnul.
  4808 | D:5      | Noticed a black bear
  4837 | D:5      | Killed a black bear
  4838 | D:5      | Reached skill level 5 in Fighting
  4838 | D:5      | Reached skill level 8 in Stealth
  4838 | D:5      | Reached XP level 7. HP: 39/39 MP: 8/8
  5874 | D:5      | Found a staircase to the Ecumenical Temple.
  5918 | D:6      | Found Tithrausch's Book Emporium.
  6270 | D:6      | Identified the ring "Potischiakk" {rF+++ Will+ rCorr Str-2
                  | SInv}
  6530 | D:6      | Gained mutation: You have razor-sharp teeth. [Vine Stalker
                  | growth]
  6530 | D:6      | Reached XP level 8. HP: 38/44 MP: 6/9
  7180 | D:7      | Reached skill level 9 in Stealth
  8225 | D:4      | Found a shimmering altar of Xom.
  8440 | D:4      | Found a stormy altar of Qazlal.
  8743 | D:4      | Found Ruyf's Tiny Tomes.
  9196 | D:7      | Reached skill level 10 in Stealth
  9480 | D:8      | Reached *** piety under Uskayaw
  9567 | D:8      | Reached XP level 9. HP: 51/51 MP: 10/10
  9707 | D:8      | Found a staircase to the Lair.
  9781 | D:8      | Noticed Jeremiah
 10242 | D:8      | Reached skill level 11 in Stealth
 10916 | D:8      | Killed Jeremiah
 11310 | D:9      | Noticed Joseph
 11620 | D:9      | Reached skill level 12 in Stealth
 11620 | D:9      | Reached XP level 10. HP: 46/58 MP: 5/11
 11797 | D:9      | Reached skill level 10 in Fighting
 11964 | D:9      | Noticed Erica
 12665 | D:9      | Noticed a purple ugly thing
 12837 | D:10     | Entered Level 10 of the Dungeon
 12867 | D:10     | Noticed an unseen horror
 12930 | D:10     | Noticed a two-headed ogre
 13006 | D:10     | Noticed a two-headed ogre
 13223 | D:10     | Killed an unseen horror
 13223 | D:10     | Killed a two-headed ogre
 13224 | D:10     | Reached skill level 5 in Short Blades
 13327 | D:10     | Noticed a gargoyle
 15496 | D:10     | Noticed a two-headed ogre
 15863 | D:11     | Reached skill level 13 in Stealth
 15883 | D:11     | Noticed a two-headed ogre
 15907 | D:11     | Reached XP level 11. HP: 50/64 MP: 9/12
 16510 | D:6      | Killed Grinder
 16987 | D:10     | Killed a two-headed ogre
 17047 | D:9      | Killed Erica
 17299 | D:9      | Killed a purple ugly thing
 17402 | D:9      | Reached skill level 1 in Invocations
 18078 | D:10     | Killed a two-headed ogre
 18761 | D:11     | Killed a two-headed ogre
 19460 | Lair:1   | Entered Level 1 of the Lair of Beasts
 19473 | Lair:1   | Noticed a death yak
 19739 | D:8      | Reached XP level 12. HP: 50/70 MP: 12/15
 19773 | Lair:1   | Noticed a death yak
 19773 | Lair:1   | Noticed a death yak
 19773 | Lair:1   | Noticed a death yak
 20011 | Lair:1   | Reached **** piety under Uskayaw
 20018 | Lair:1   | Reached ***** piety under Uskayaw
 20147 | Lair:1   | Killed a death yak
 20148 | Lair:1   | Reached skill level 10 in Short Blades
 20154 | Lair:1   | Reached skill level 1 in Dodging
 20619 | Lair:1   | Killed a death yak
 20710 | Lair:1   | Killed a death yak
 20711 | Lair:1   | Reached skill level 5 in Invocations
 20889 | Lair:1   | Killed a death yak
 21435 | Lair:1   | You fall into a shaft and drop 1 floor!
 21439 | Lair:2   | Reached skill level 5 in Dodging
 21679 | Lair:2   | Reached XP level 13. HP: 75/75 MP: 19/19
 21819 | Lair:2   | Reached skill level 14 in Stealth
 24323 | Lair:1   | Found a runed translucent door.
 24325 | Lair:1   | Noticed Jecuruykh's ghost (journeyman GrCj)
 24783 | Lair:3   | Noticed Rupert
 24785 | Lair:3   | Killed Rupert
 24830 | Lair:3   | Reached skill level 1 in Shields
 24830 | Lair:3   | Reached skill level 1 in Evocations
 25207 | Lair:3   | Found a staircase to the Snake Pit.
 25315 | Lair:3   | Found a staircase to the Swamp.
 25474 | Lair:3   | Reached skill level 1 in Armour
 26446 | Lair:4   | Identified the +2 cloak of the Tick {rC+ Slay+3}
 26535 | Lair:4   | Reached skill level 15 in Stealth
 26845 | Lair:4   | Reached XP level 14. HP: 80/80 MP: 21/21
 27034 | Lair:5   | Entered Level 5 of the Lair of Beasts
 28365 | Lair:5   | Reached skill level 16 in Stealth
 28645 | Lair:5   | Found a viscous altar of Jiyva.
 28703 | Lair:5   | Found a staircase to the Slime Pits.
 29083 | Lair:5   | Reached ****** piety under Uskayaw
 29280 | Lair:5   | Identified the +6 falchion of the Hummingbird {flame,
                  | ^Contam rPois rN++ Int+3}
 29280 | Lair:5   | Noticed Nessos
 29292 | Lair:5   | Killed Nessos
 29889 | D:9      | Killed Joseph
 30548 | D:12     | Found a runed translucent gate.
 30571 | D:12     | Found a runed translucent gate.
 30571 | D:12     | Found a runed translucent gate.
 30647 | D:12     | Noticed megamayne420's ghost (novice HOMo)
 30810 | D:12     | Found a staircase to the Orcish Mines.
 31172 | D:12     | Reached XP level 15. HP: 82/84 MP: 22/22
 31592 | D:10     | Reached skill level 5 in Evocations
 31915 | D:13     | Noticed Frances
 31922 | D:13     | Killed Frances
 32713 | D:14     | Noticed Agnes
 32781 | D:14     | Found Qouprysh's Jewellery Emporium.
 32837 | D:14     | Identified the +0 robe of the Slightly Bent {^Drain rC+
                  | Int+3}
 32857 | D:14     | Reached skill level 17 in Stealth
 32877 | D:14     | Found a gate to the Vaults.
 33035 | D:14     | Found a runed translucent door.
 33039 | D:14     | Noticed Bnni's ghost (journeyman FoEE)
 33043 | D:14     | Identified the +6 trident of Coipteos {flame, rF+ rCorr}
 33374 | D:15     | Entered Level 15 of the Dungeon
 33478 | Orc:1    | Entered Level 1 of the Orcish Mines
 34138 | Orc:2    | Entered Level 2 of the Orcish Mines
 34197 | Orc:2    | Found Xeel's Armour Boutique.
 34205 | Orc:2    | Bought a +2 pair of boots of stealth for 301 gold pieces
 34248 | Orc:2    | Found Doysiowk's General Store.
 34255 | Orc:2    | Bought a scroll of enchant armour for 75 gold pieces
 34255 | Orc:2    | Bought a scroll of teleportation for 30 gold pieces
 34266 | Orc:2    | Found a staircase to the Elven Halls.
 34360 | Orc:2    | Found Ratwiyth's Magic Scroll Shoppe.
 34363 | Orc:2    | Bought a scroll of teleportation for 36 gold pieces
 34363 | Orc:2    | Bought a scroll of revelation for 90 gold pieces
 34363 | Orc:2    | Bought a scroll of silence for 114 gold pieces
 34365 | Orc:2    | Bought a scroll of poison for 48 gold pieces
 34404 | Orc:2    | Noticed Maurice
 34463 | Orc:2    | Killed Maurice
 34544 | Orc:2    | Found Xolu's Antique Armour Boutique.
 34555 | Orc:2    | Found Juviame's Assorted Antiques.
 34560 | Orc:2    | Bought a potion of haste for 180 gold pieces
 34560 | Orc:2    | Bought a potion of haste for 180 gold pieces
 34793 | Orc:2    | Reached XP level 16. HP: 88/91 MP: 21/24
 34896 | Orc:2    | Found Liuqy's Armour Emporium.
 34896 | Orc:2    | Found Qaddelia's Distillery.
 34896 | Orc:2    | Noticed IcantSneed's ghost (journeyman OpSh)
 34896 | Orc:2    | Identified the +6 great mace "Wecreduf" {speed, rN+}
 34897 | Orc:2    | Found a transporter.
 34899 | Orc:2    | Found Efeliy's Book Shop.
 34899 | Orc:2    | Found Jixeleymo's Antique Weapon Emporium.
 35094 | Orc:2    | Bought a potion of might for 40 gold pieces
 35179 | Orc:2    | Bought a potion of experience for 600 gold pieces
 35179 | Orc:2    | Bought a potion of haste for 120 gold pieces
 35179 | Orc:2    | Reached skill level 5 in Armour
 35179 | Orc:2    | Reached skill level 10 in Invocations
 35179 | Orc:2    | Reached XP level 17. HP: 95/95 MP: 25/25
 35181 | Orc:2    | Bought a +1 helmet for 161 gold pieces
 35208 | Orc:2    | Found a transporter.
 35460 | D:12     | Killed megamayne420's ghost
 35602 | Lair:1   | Killed Jecuruykh's ghost
 35769 | D:14     | Killed Agnes
 35934 | D:14     | Noticed Louise
 35945 | D:14     | Killed Louise
 36091 | D:14     | Got the Meditations on Elliptic Breath
 36821 | D:15     | Found a runed translucent gate.
 36821 | D:15     | Found a runed translucent gate.
 36821 | D:15     | Found a runed translucent gate.
 36822 | D:15     | Noticed TheWayOfAllFlesh's ghost (journeyman DjFE)
 37119 | D:15     | Found a staircase to the Depths.
 37358 | Snake:1  | Entered Level 1 of the Snake Pit
 37433 | Snake:1  | Identified the +7 chain mail "Zioqas" {Int+2}
 38070 | Snake:1  | Reached skill level 18 in Stealth
 38271 | Snake:1  | You fall into a shaft and drop 1 floor!
 38698 | Snake:2  | Found Suxural's Distillery.
 38706 | Snake:2  | Bought a potion of invisibility for 160 gold pieces
 38742 | Snake:2  | Reached XP level 18. HP: 78/102 MP: 25/28
 40758 | Snake:4  | Entered Level 4 of the Snake Pit
 41096 | Snake:4  | Noticed Mlioglotl
 41298 | Snake:4  | Reached skill level 15 in Fighting
 41894 | Snake:4  | Reached skill level 19 in Stealth
 42039 | Snake:4  | Killed Mlioglotl
 42340 | Snake:4  | Identified the +2 robe "Koisidagh" {Harm rElec rN++ rCorr}
 43470 | Snake:4  | Got a serpentine rune of Zot
 44347 | Elf:1    | Entered Level 1 of the Elven Halls
 44388 | Elf:1    | Found an ancient bone altar of Kikubaaqudgha.
 44565 | Orc:2    | Bought a potion of resistance for 120 gold pieces
 44686 | Orc:2    | Reached skill level 5 in Shields
 44689 | Orc:2    | Killed IcantSneed's ghost
 44979 | Elf:1    | Reached XP level 19. HP: 108/108 MP: 29/29
 45037 | Elf:1    | Reached skill level 1 in Spellcasting
 45422 | Elf:1    | Reached skill level 20 in Stealth
 46255 | Swamp:1  | Entered Level 1 of the Swamp
 46840 | Swamp:1  | Reached skill level 5 in Spellcasting
 47511 | Swamp:2  | Noticed Kirke
 47885 | Swamp:2  | Killed Kirke
 49055 | Swamp:3  | smd
 49409 | Swamp:4  | Entered Level 4 of the Swamp
 50287 | Swamp:4  | Reached skill level 10 in Dodging
 50287 | Swamp:4  | Reached XP level 20. HP: 112/113 MP: 31/31
 50354 | Swamp:4  | Noticed the 27-headed Lernaean hydra
 50634 | Swamp:4  | Got a decaying rune of Zot
 51649 | Elf:2    | Found a portal to a secret trove of treasure.
 51657 | Elf:2    | cringe
 51687 | Elf:3    | Entered Level 3 of the Elven Halls
 51795 | Elf:3    | Paralysed by an air elemental for 1 turns
 51799 | Elf:3    | Paralysed by an air elemental for 1 turns
 52519 | Elf:3    | Identified the ring "Owennifo" {rPois rCorr Str+6}
 53137 | Elf:2    | Reached skill level 10 in Armour
 53543 | Elf:3    | Got the Vellum of the Coals
 53655 | Elf:3    | Got Dispater's Directory of Combined Attacks
 53680 | Elf:3    | Found Nocodim's Assorted Antiques.
 53695 | Elf:3    | Bought a scroll of teleportation for 54 gold pieces
 53695 | Elf:3    | Bought a scroll of teleportation for 54 gold pieces
 53695 | Elf:3    | Bought a scroll of blinking for 135 gold pieces
 53897 | Elf:2    | lol
 54169 | Elf:2    | Found a runed translucent gate.
 54171 | Elf:2    | Found a runed translucent gate.
 54171 | Elf:2    | Found a runed translucent gate.
 54778 | Elf:2    | Reached XP level 21. HP: 119/119 MP: 34/34
 55575 | D:14     | Killed Bnni's ghost
 55630 | D:14     | Found a gate to the Vaults.
 56031 | D:14     | Found Qouprysh's Jewellery Emporium.
 56618 | D:15     | Identified the +0 helmet of Youthful Indiscretion {rCorr}
 56692 | D:15     | Found a staircase to the Depths.
 56704 | D:15     | Killed TheWayOfAllFlesh's ghost
 57468 | Vaults:1 | Entered Level 1 of the Vaults
 57555 | Vaults:1 | Identified the +2 buckler "Hero's Friend" {rElec rPois
                  | Will+ Stlth-}
 58169 | Vaults:1 | Reached skill level 21 in Stealth
 58594 | Vaults:1 | Identified the +7 orcbow "Jeiblab" {flame, rF+++ Stlth-}
 58846 | Vaults:1 | Reached skill level 15 in Invocations
 59359 | Vaults:1 | Found a large runed translucent door.
 59359 | Vaults:1 | Found a large runed translucent door.
 59359 | Vaults:1 | Noticed melvinkitnick's ghost (adept DEIE)
 59493 | Vaults:1 | Killed melvinkitnick's ghost
 59537 | Vaults:1 | Identified the +0 pair of gloves of the Hidden Vale
                  | {*Corrode +Inv Dex+2}
 60194 | Vaults:2 | Reached skill level 10 in Spellcasting
 60263 | Vaults:2 | Found a huge runed gate.
 60263 | Vaults:2 | Found a huge runed gate.
 60263 | Vaults:2 | Found a huge runed gate.
 60263 | Vaults:2 | Found a huge runed gate.
 60263 | Vaults:2 | Found a huge runed gate.
 60264 | Vaults:2 | Found a huge runed gate.
 60264 | Vaults:2 | Found a huge runed gate.
 60264 | Vaults:2 | Found a huge runed gate.
 60264 | Vaults:2 | Found a huge runed gate.
 60264 | Vaults:2 | Found a huge runed gate.
 60269 | Vaults:2 | Found a huge runed gate.
 60270 | Vaults:2 | Found a huge runed gate.
 60271 | Vaults:2 | Found a huge runed gate.
 60272 | Vaults:2 | Found a huge runed gate.
 60273 | Vaults:2 | Found a huge runed gate.
 60274 | Vaults:2 | Found a huge runed gate.
 60282 | Vaults:2 | Found a huge runed gate.
 60282 | Vaults:2 | Found a huge runed gate.
 60282 | Vaults:2 | Found a huge runed gate.
 60282 | Vaults:2 | Found a huge runed gate.
 60282 | Vaults:2 | Found a huge runed gate.
 60282 | Vaults:2 | Found a huge runed gate.
 60285 | Vaults:2 | Found a huge runed gate.
 60286 | Vaults:2 | Found a huge runed gate.
 60287 | Vaults:2 | Found a huge runed gate.
 60295 | Vaults:2 | Found a huge runed gate.
 60295 | Vaults:2 | Found a huge runed gate.
 60295 | Vaults:2 | Found a huge runed gate.
 60295 | Vaults:2 | Found a huge runed gate.
 60295 | Vaults:2 | Found a huge runed gate.
 60295 | Vaults:2 | Found a huge runed gate.
 60296 | Vaults:2 | Found a huge runed gate.
 60297 | Vaults:2 | Found a huge runed gate.
 60298 | Vaults:2 | Found a huge runed gate.
 60306 | Vaults:2 | Found a huge runed gate.
 60306 | Vaults:2 | Found a huge runed gate.
 60419 | Vaults:2 | Reached XP level 22. HP: 125/125 MP: 37/37
 60518 | Vaults:2 | Found a transporter.
 60518 | Vaults:2 | Noticed SlowGraham's ghost (legendary KoMo)
 60518 | Vaults:2 | Noticed a dread lich
 60543 | Vaults:2 | Found a transporter.
 60636 | Vaults:2 | Noticed Boris
 60644 | Vaults:2 | Killed Boris
 61030 | Vaults:3 | Reached skill level 22 in Stealth
 61355 | Vaults:3 | Noticed Bai Suzhen
 61365 | Vaults:3 | Bai Suzhen changed into Bai Suzhen the titan
 61365 | Vaults:3 | Noticed Bai Suzhen
 61374 | Vaults:3 | Killed Bai Suzhen the titan
 62257 | Vaults:3 | Found a staircase to the Crypt.
 62405 | Vaults:4 | Found Isuimel's Magic Scroll Emporium.
 62413 | Vaults:4 | Bought a scroll of teleportation for 42 gold pieces
 62413 | Vaults:4 | Bought a scroll of fog for 56 gold pieces
 62413 | Vaults:4 | Bought a scroll of fog for 56 gold pieces
 62620 | Vaults:4 | Found Fezousumm's General Store.
 63927 | Vaults:4 | Found a runed translucent door.
 64152 | Vaults:4 | Got the Secrets of Icy Lightning
 64254 | Vaults:5 | Entered Level 5 of the Vaults
 64303 | Vaults:5 | Noticed a golden dragon
 64425 | Vaults:5 | Reached skill level 23 in Stealth
 64558 | Vaults:5 | Reached XP level 23. HP: 127/130 MP: 36/38
 65285 | Vaults:5 | Killed a golden dragon
 65939 | Vaults:5 | Identified the staff of Courage {rCorr Int+4 Conj}
 66342 | Vaults:5 | Identified the ring "Vogalocyt" {Fly rPois Dex+3}
 66691 | Vaults:5 | Reached skill level 24 in Stealth
 67213 | Vaults:5 | Found Iffy's Antique Armour Boutique.
 67457 | Vaults:5 | Noticed Boris
 67462 | Vaults:5 | fuck off boris
 67475 | Vaults:5 | Killed Boris
 67641 | Vaults:5 | Got a silver rune of Zot
 68180 | Depths:1 | Entered Level 1 of the Depths
 68246 | Depths:1 | Reached XP level 24. HP: 137/137 MP: 38/38
 68411 | Depths:1 | Found a gateway to Hell.
 68435 | Depths:1 | Found Konohau's Weapon Boutique.
 68607 | Depths:1 | Identified the +9 great sword "Kueskyrock" {antimagic,
                  | rElec rF- Int+6}
 68630 | Depths:1 | Found a one-way gateway to a ziggurat.
 68839 | Depths:1 | Found an ornate altar of the Wu Jian Council.
 68999 | Depths:1 | Found Ace Ism's Book Boutique.
 68999 | Depths:1 | Found Ifrifim's Jewellery Emporium.
 69000 | Depths:1 | Found Yczaim's Jewellery Emporium.
 69009 | Depths:1 | Bought the ring "Kypag" {rPois rC++ EV+5 Str-4 Dex+2} for
                  | 968 gold pieces
 69247 | Depths:2 | Found the +7 captain's cutlass {speed, disarm}
 69331 | Depths:2 | Found a runed translucent door.
 69421 | Depths:2 | Identified the ring "Junot" {Wiz Fly Str+3 Int+2}
 69585 | Depths:2 | Identified the amulet "Kesiteij" {Faith Rampage *Slow rPois
                  | Will++}
 69668 | Depths:2 | Identified the ring of Tender Moments {*Corrode Fly MP+9
                  | AC+4 Stlth+}
 69677 | Depths:2 | Identified the amulet of the Heavens {Reflect Str+2 SH+5}
 69839 | Depths:2 | Found Zaaw's Antique Armour Shoppe.
 70159 | Depths:2 | Found Pobom's Distillery.
 70193 | Depths:2 | Bought a potion of haste for 180 gold pieces
 70368 | Depths:2 | Found a one-way gate leading to the halls of Pandemonium.
 70604 | Depths:3 | Reached skill level 25 in Stealth
 70914 | Depths:3 | Found a one-way gate to the infinite horrors of the Abyss.
 70958 | Depths:3 | Reached skill level 10 in Shields
 71136 | Depths:3 | Identified the +3 arbalest of Defenestration {antimagic,
                  | rF+ Will+ Stlth+}
 71641 | Depths:3 | Reached XP level 25. HP: 138/144 MP: 39/39
 71675 | Depths:3 | Identified the ring "Paharph" {Wiz Int+5}
 71733 | Depths:3 | Identified the staff of the Kidney {Str-3 Dex+3 Conj Earth}
 71736 | Depths:3 | Identified the +8 short sword of Yesterday {heavy, Int+2}
 71773 | Depths:3 | Found a burning altar of Makhleb.
 71783 | Depths:3 | Identified the staff of Slow Death {^Drain Int+3 Dex+3
                  | Earth}
 71854 | Depths:4 | Entered Level 4 of the Depths
 71854 | Depths:4 | Noticed Boris
 71855 | Depths:4 | booooooriiiis
 71864 | Depths:4 | Killed Boris
 71885 | Depths:4 | boris gtfo
 72025 | Depths:4 | nice new tiles
 72849 | Depths:4 | Noticed a juggernaut
 73170 | Depths:4 | Killed a juggernaut
 73406 | Depths:4 | Found a gate to the Realm of Zot.
 73605 | Zot:1    | Entered Level 1 of the Realm of Zot
 73875 | Zot:1    | Noticed an orb of fire
 73889 | Zot:1    | Killed an orb of fire
 73980 | Zot:1    | sod off
 74346 | Zot:1    | Reached XP level 26. HP: 149/150 MP: 39/39
 74735 | Zot:1    | lmaooo
 74735 | Zot:1    | 3!
 75765 | Zot:2    | Reached skill level 26 in Stealth
 75773 | Zot:1    | yolo
 76026 | Zot:2    | Identified the +7 double sword of the Unkillable {freeze,
                  | *Noise rElec rCorr}
 76041 | Zot:2    | Identified the +5 double sword "Paurat" {spect, rElec rC+
                  | Int+4}
 76092 | Zot:2    | cringe
 77939 | Zot:3    | Reached skill level 10 in Evocations
 78037 | Zot:2    | Reached skill level 5 in Throwing
 78744 | Zot:3    | stoooop
 78819 | Zot:3    | bruh
 80250 | Zot:4    | inb4 malevolence
 80264 | Zot:4    | Reached skill level 27 in Stealth
 80286 | Zot:4    | Reached XP level 27. HP: 154/158 MP: 39/39
 80691 | Zot:4    | Identified the +14 plate armour "Duedugod" {Will++}
 81273 | Zot:4    | Noticed a dread lich
 81273 | Zot:4    | Noticed a dread lich
 81278 | Zot:4    | Noticed a dread lich
 81286 | Zot:4    | Noticed a dread lich
 81291 | Zot:4    | Noticed a dread lich
 81298 | Zot:4    | Killed a dread lich
 81302 | Zot:4    | Killed a dread lich
 81322 | Zot:4    | Killed a dread lich
 81414 | Zot:4    | Killed a dread lich
 81469 | Zot:4    | Killed a dread lich
 81488 | Zot:4    | Identified the +5 falchion "Deuwniesk" {freeze, rN+ Int+4}
 82293 | Zot:5    | Entered Level 5 of the Realm of Zot
 83036 | Zot:5    | bs traps
 83422 | Zot:5    | Noticed an orb of fire
 83424 | Zot:5    | Noticed an orb of fire
 83424 | Zot:5    | Noticed an orb of fire
 83426 | Zot:5    | Gained mutation: You are vulnerable to heat. (rF-) [an orb
                  | of fire]
 83431 | Zot:5    | Noticed a dread lich
 83440 | Zot:4    | Gained mutation: Your health recovers twice as slowly from
                  | being drained. [an orb of fire]
 83443 | Zot:4    | Gained mutation: Your body sometimes deteriorates upon
                  | taking damage. [an orb of fire]
 83446 | Zot:4    | Killed an orb of fire
 83653 | Zot:5    | Killed a dread lich
 83860 | Zot:5    | Killed an orb of fire
 84916 | Zot:5    | Noticed an orb of fire
 84930 | Zot:5    | Killed an orb of fire
 85258 | Zot:5    | Noticed a dread lich
 85275 | Zot:5    | Killed a dread lich
 85383 | Zot:5    | Noticed a dread lich
 85398 | Zot:5    | Killed a dread lich
 86426 | Zot:5    | Gained mutation: You are strong-willed. (Will+) [an orb of
                  | fire]
 86436 | Zot:5    | Killed an orb of fire
 86610 | Zot:5    | these traps are cringe
 89023 | Zot:5    | Got the Orb of Zot
 89291 | D:12     | Reached skill level 10 in Throwing
 89506 | D:$      | Escaped with the Orb!

Illustrated notes ♣~.~ ~~~~~~~~~~~... ♣♣♣. .~~~~~~~~~~~~ ♣~♣ ~♣.~~~~~~~~~ ♣♣♣ .~..~~~~~~~ ~~~.~~~w~.♣ ~~~......~♣ ~~~§.♣..F♣ .. ♣ ~§~.~~~@♣ ♣~.. ~~~~♣~♣♣♣♣~♣♣♣~♣~..~. ~~~~.~~~.♣♣♣♣♣~~~.~..~♣ ~.~~~~~~§.~~~..♣.~~§♣♣♣♣~ ♣~~~~~~~~.~†(~♣.~~~♣ ♣.~ ♣.~~~~~~~~~§.♣♣♣..♣♣ ♣.. ♣~.~~~~~.♣♣..♣♣♣♣~♣ ♣§♣♣♣♣ ♣...~~~~♣~~~♣♣.~[♣ ♣..~♣♣♣♣ ♣.~~~..~~♣♣~~~♣♣♣♣♣♣~~~~~~♣ Turn 49055 on Swamp:3: smd ##.###..## #....... #.## ##.# ##.##### #.# #.# #.###.# #######.## ##.# ##.##.#. #........###.## #..).### ############..## ##.#.## # #.........##..#####..#).### ###.#.#.#.#.##.........#.#.#. #.'.........@#.####.........# #.#.#.#.#.#.##.# ####.#.#### #.#.........##.# #.#)# # #.############.# #.#)## #...#.# #..# #)...## ###...# #..#######.()..## ###.# #...............# ##.###############........ ##...........# ##)...)..# Turn 51657 on Elf:2: cringe # ##### .. ##...## ...###.....###. .(............. ............... .......@....^.. ......4.(...... ...........###. ..........## ..........# .........## .......### ......# Turn 53897 on Elf:2: lol ##################### #..................)) #.).))....[......[)). #.).[################ #..........)........, #..#@).....).......,, #..#..#####).....#### #..#..###...........# #..#L.##............. #..#.)#.............. #..#.[#......)....... #..#.[)))..##........ #..#..[...)####...... #..#..#.....######... Turn 67462 on Vaults:5: fuck off boris ...# ... ...# # ...# .##..# #⌠..# #.##..# #..@# #..## .i..# .iL..# i...# ..## # Turn 71855 on Depths:4: booooooriiiis ##.### #....# ##....# ##....# ##.#...# ##.##..## ##.#⌠..## #.##..## ##.#..@## ###[##..## #..))..## #..).).## ++....## #..### ### Turn 71885 on Depths:4: boris gtfo #)... #....# #....# +### #...~.## ++..### #..~≈.###.....### #..8~.##.......###### #..~~.##...~.....).# #.@.≈.##..~~.~....# ##..≈~.###...≈~...# ##......####..)..# ##...)..#.#''#### ##....''........ ###..#..†...... ####....†.... ###....... ######## Turn 72025 on Depths:4: nice new tiles ,,,,,,,,,* ##.....[.......# ,,,,,,^,,### ##.............# ,,,,,,,,,+.#####.....∩.......# ,,,,,,,,,#.....#.............# ###+####*#.###.#.............# #......# #.###.#...^.........# #.####.###.....'.............# +..........###.#...........).# ######+##### #.#@............# .........#####.#....?........# .?.......'.=...#.............* .........#.....+..........,,,* .........#######.........,,,,* .........# #.........,,,,* .........# #........,,,,,* ......#### #########****** ......# Turn 73980 on Zot:1: sod off *,*,*,,,,,,* #.# #......# *,*,*,,,,,,* #.# #.###.## *,*,*,,,,,,* #.# #.# #.# **,*,*,,,,,,###.## #.###+## ,,,*,*,,,,,,#....# #.#..^.. **,*,*,,,,,,+.##.# #.#..... *,,,+,,,,,,####.# #.#..... ****+*,,,,,,*###'####### #.#....> ,,,*,,,,,*+**#..@......# #.'..... **,*****,*,**#.........# ###..... ,*,*~~~*,*,*,+....⌠....# #..... ,*,*~~~*,+,,,#.........# #..... ,*,*~~~*,*,,,#.........# #..... ,*,*****,*,**#.........# #..... ,*,*,,,,,*,* #.....^...# ###### ,*,*,,,,**,* #.........#** ,*,*,,,,**,***,,,,,,,,,*,* Turn 74735 on Zot:1: lmaooo ######### # #.......# ####### # #.......# #.....### #.......# #.###...' #.......# #.# #...# #####.......# #.# ###.# #...')......####.# #.# #.###..@....+....# #.# #.# #)D.....###### #.# #.########+## #.# #..........# ####.# ###.######## #...⌠# #.# ###.## #.# #.# #.# #.# ###.# ##########'## Turn 75773 on Zot:1: yolo ##.#.....####⌠...⌠...⌠# ##.#......###......*# ##...###..##>.....># ##.## ##..##(...;## ### ##..#⌠...⌠# ##.##...## #..#...# ##.##(## #..@(# ###### Turn 76092 on Zot:2: cringe *,,***..#* ##....#.. *#.***#..## #....... *..* *#..### #....... *#.** *#...## #....... #..* #....####....... *#.#* #............... #..#*#............... *#..###.............. *#.@##.............. ##..#....###....... ##.##)..#####..... #.......# ###### ##.)....# # ###...)## #.....## ##.....## ##..#..## Turn 78744 on Zot:3: stoooop

≈......≈≈≈..#..........#*#...####
§.......§§..#.........## #....#..
.....).....##.#....#).# #.......
..........###.)...##).# ##.......
........####......##).###..##....
...........)....q.))<.)....##....
.................)##..##..###....
.................###..##..###....
........####....@###..###..##....
..........####....##..# #..##...#
...........####.q.##..# ##..#..#.
........≈...#.#...##..# ##.....#
≈......≈≈≈..#.#..d##..# #.....#
§.....?≈≈≈..#....d.#..# #..#..#
§......≈≈≈..#..#......# ##..##..
≈...#...≈...#..)......## #..####.
§..###.....###.........###..# ##


Turn 78819 on Zot:3: bruh #........'.......,,,,,,*** #........#####.##**,****
#........# *,* *,* #........# *,* *,* #........# *,* *,* #........# *,* *,******
#.≈≈≈≈≈≈§# *,* *,,,,,,, #§§###§≈§#####.# ******,* #§≈# #≈≈§@.....# *,* #.§#
#§≈.###.###********,* #§≈# #§≈.# *,,,,,,,,,,,,,* #.≈# #≈≈.# ***************
#.≈###≈≈.# #.≈§§≈≈≈.# #........# ########## Turn 80250 on Zot:4: inb4
malevolence ,,,,,,,,,,,,,,,,,,***,,,,,,,***,, ,,^,,,,,,,,^,,,,,,* ********* *,,
,,,,,,,,,,,,,,,,,** **, ,,,,,,,,,,,,,,,*** ** ,,,,,,,,,,,,**** ,,^****▓▓▓▓▓▓▓▓▓#
# ,,,,,^,......^..### ### ,,,,,,,.....##.)..## ##..
,,,,,,,...,,,###@..###########..( ,,^,,,,.,,,,,,*##...............#
,,,,,,,,,,,,,,* ##.............## ,,,,,,,,,,,,,,* #.......^^....#
,,,,,^,,,,,,,,* ##...........## ,,,,,,,,,,,,,,* #...........# ,,,,,,,,,,,,,,*
##..[........## ,,^,,,,,,,,,,** #............^# ,,,,,,,,,,,,** ##.............#*
Turn 83036 on Zot:5: bs traps ,,,,,,,,,,,,,,,,,,***,,,,,,,***,,
,,^,,,,,,,,^,,,,,,* ********* *,, ,,,,,,,,,,,,,,,,,** **, ,,,,,,,,,,,,,,,*** **
,,,,,,,,,,,,**** ,,^****▓▓▓▓▓▓▓▓▓# # ,,,,,^,......^..### ###
,,,,,,,.....##.)..## ##.. ,,,,,,,...,,,###@..###########..(
,,^,,,,.,,,,,,*##...............# ,,,,,,,,,,,,,,* ##.............##
,,,,,,,,,,,,,,* #.......^^....# ,,,,,^,,,,,,,,* ##...........## ,,,,,,,,,,,,,,*
#.........).# ,,,,,,,,,,,,,,* ##..[........## ,,^,,,,,,,,,,** #............^#
,,,,,,,,,,,,** ##.............#* Turn 86610 on Zot:5: these traps are cringe

Levels and vault maps discovered:
D:1:      elethiomel_arrival_infinity_welcomes_careful_drivers, layout_rooms,
          basic_ecumenical_altar, minivault_24
D:2:      layout_rooms
D:3:      layout_rooms, grunt_temple_overflow_open,
          gammafunk_temple_overflow_wave, hellmonk_sif_muna_bookshelves
D:4:      layout_basic, nicolae_qazlal_general_emergency,
          nicolae_overflow_hidden_temple, nicolae_shop_i_like_small_books_too
D:5:      layout_basic, minmay_temple_entry_hall
D:6:      layout_loops_ring, lemuel_round_altar, serial_shops, shop,
          nicolae_ossuary_entry_giza, feat_on_display, uniq_grinder
D:7:      layout_basic, serial_co_window_serial, co_window_of_opportunity_a,
          co_window_of_opportunity_a, co_window_paths_b, co_window_corner_a,
          co_window_corner_a, co_window_cross_1, co_window_of_opportunity_a,
          co_window_unsneaky_path_d, co_window_corner_b,
          co_window_unsneaky_path_b, co_window_2corner, co_window_broadway_a,
          co_window_corner_ca, co_window_broadway_a, glass_columns_b,
          glass_columns_b
D:8:      layout_rooms, david_lair_generic, kennysheep_cross_room, uniq_jeremiah
D:9:      layout_irregular_city, minmay_sticks_and_stones, uniq_erica
D:10:     minmay_angry_zag, layout_stronghold
D:11:     layout_loops_cross, portal_ice_cave_demonic_guard
D:12:     layout_loops_ring, david_orc_1_choice, gammafunk_ghost_nasty_kobolds
D:13:     layout_cave_pools, uniq_frances
D:14:     layout_loops_cross, hangedman_vaults_entry_quadrant_bands,
          chequers_avenue, serial_shops, shop, ebering_ghost_funeral_grove,
          minmay_misc_feat_four_crosses, uniq_louise, uniq_agnes
D:15:     grunt_enter_depths_magical_seal, layout_gridville,
          gammafunk_ghost_necromancy, serial_glass, glass_columns_a,
          glass_columns_b, glass_columns_c, glass_columns_c, glass_columns_b,
          glass_columns_b
Lair:1:   layout_cave_pods, ebering_ghost_inner_flame, wad_woods_01
Lair:2:   layout_layer_cave, pond
Lair:3:   layout_hall_layers, minmay_swamp_entry_reptiles,
          guppyfry_snake_entry_garden, nicolae_lair_grazing_beasts
          [nicolae_sub_lair_graze_edge, nicolae_sub_lair_graze_edge,
          nicolae_sub_lair_graze_edge, nicolae_sub_lair_graze_edge], uniq_rupert
Lair:4:   layout_cave_pods
Lair:5:   minmay_lair_end_frog_pond, layout_small_grid, slime_entry_1,
          uniq_nessos
Swamp:1:  layout_falls_marsh, evilmike_swamp_ruin_house_4
Swamp:2:  layout_falls_marsh, serial_swamp_ruin, evilmike_swamp_ruin_rubble_2,
          evilmike_swamp_ruin_house_1, evilmike_swamp_ruin_house_6,
          swamp_pool_3, water_boxes_lemuel, uniq_kirke
Swamp:3:  layout_basic_swamp, nicolae_swamp_little_tower
Swamp:4:  swamp_old_school, layout_basic_swamp
Snake:1:  layout_layer_cave
Snake:2:  layout_cave_pods, serial_shops, shop_statue, drop_trap,
          serial_bayou_shore_a
Snake:3:  layout_misc_corridors, grunt_megastairs_2, nicolae_triple_integral
Snake:4:  minmay_snake_end_coiled, layout_cave_town, beargit_elvish_explorers,
          uniq_mlioglotl
Orc:1:    cheibrodos_orc_arena, layout_caves, basic_altar
Orc:2:    st_orc_ogre_mass, layout_diamond_mine, serial_shops, shop,
          nicolae_square_shop, shop, nicolae_shop_statue_plus,
          nicolae_shop_rolled_up, gammafunk_ghost_smash, mines2_david,
          uniq_maurice
Elf:1:    eino_elf_arrival_customs, layout_geoelf_grid, basic_altar,
          minivault_28
Elf:2:    nicolae_elf_blades_crystal_corner, layout_loops_ring,
          nicolae_trove_entry_columns
Elf:3:    grunt_elf_hall_diamonds, layout_loops_ring, serial_shops, shop,
          minivault_16, nicolae_elf_free_trip_to_the_abyss
Vaults:1: advil_vaults_ghost_guards, v_misc_30,
          nicolae_vaults_ring_of_whatevers,
          nicolae_vaults_shipping_containers_5, nicolae_vaults_double_plus_2,
          nicolae_vaults_steering_wheel, nicolae_vaults_weapon_check, v_misc_2,
          nicolae_vaults_alarming, nicolae_vaults_tetromino_Z_2,
          layout_vaults_omnigrid
Vaults:2: gammafunk_ghost_mausoleum, vaults_mumra_hexcomb,
          nicolae_vaults_network_barrier, vaults_dpeg_diagonal, door_vault,
          v_misc_22, vaults_dpeg_ring, v_pattern_2,
          nicolae_vaults_layer_cake_slice, v_alt_pattern_2,
          ontoclasm_vaults_misaligned, nicolae_vaults_diamond_1,
          layout_vaults_maze, uniq_boris
Vaults:3: hangedman_vaults_maws, nicolae_vaults_inception_statues,
          minmay_crypt_entry_simple_corners, nicolae_vaults_twisting_passages,
          vaults_mumra_hex, nicolae_vaults_doubleplus_tesselated,
          ontoclasm_vaults_decontamination, nicolae_vaults_spaceships,
          nicolae_vaults_trapezoid_4, nicolae_vaults_mini_display_case,
          nicolae_vaults_little_squares_2, nicolae_vaults_little_squares_4,
          layout_vaults_big_room, uniq_bai_suzhen
Vaults:4: nicolae_vaults_closet_pinwheel_1, nicolae_vaults_trapezoid_2,
          nicolae_vaults_ring_of_whatevers, ontoclasm_vaults_spin,
          nicolae_vaults_network_square, nicolae_vaults_storage_room_statues,
          nicolae_vaults_oozy_zoo, nicolae_vaults_more_shelving_2,
          vaults_mumra_lcd, ontoclasm_vaults_loading_screen,
          nicolae_vaults_trapezoid_lopsided_3, vaults_room_hallway,
          serial_ice_b, nicolae_vaults_diamond_2, layout_vaults_ring,
          serial_shops, nicolae_shop_pleasant_corner_grove, shop
Vaults:5: serial_shops
Depths:1: layout_cave_shapes, enter_ziggurat_e, glass_columns_a, hell_entry,
          nicolae_inconvenience_store, nzn_wu_jian_contemplation,
          minmay_shop_grove
Depths:2: minmay_the_grid_triangle_9x9_recursive_2
          [minmay_the_grid_triangle_9x9_prize_special,
          minmay_the_grid_triangle_9x9_flanged_cone,
          minmay_the_grid_triangle_9x9_subtriangle,
          minmay_the_grid_triangle_9x9_thin_v], layout_gridlike, special_room
          [special_room_mythical_zoo], rand_demon_pan_entry_9, hell_entry,
          serial_shops, nicolae_shop_hallway_plus, nicolae_shop_back_alley_shop,
          minmay_tree_intersection
Depths:3: evilmike_makhleb_hellhole, layout_cave_pools,
          hangedman_abyss_entry_splay, hell_entry,
          infiniplex_staircase_split_hallway
Depths:4: grunt_runaround [grunt_runaround_zot, grunt_runaround_doors_1,
          grunt_runaround_doors_2, grunt_runaround_doors_3,
          grunt_runaround_doors_4], hell_entry
Zot:1:    gammafunk_mikee_crab_dinner, layout_gridlike
Zot:2:    layout_onion_interference, nicolae_rock_paper_scissors,
          grunt_megastairs_4
Zot:3:    nicolae_moth_party, layout_cathedral_of_symmetry,
          amethyst_zot_foddershock
Zot:4:    hellmonk_paralyzer, layout_gridlike, regret_index_zotdec_zees
Zot:5:    layout_gridlike

Skill      XL: |  1  2  3  4  5  6  7  8  9 10 11 12 13 14 15 16 17 18 19 20 21 22 23 24 25 26 27 |
---------------+----------------------------------------------------------------------------------+-----
Fighting       | 2 3 4 5 7 9 10 11 12 13 14 15 16 17 18 19 20 21 | 21.3
Stealth        | 5 6 7 8 10 12 13 15 16 17 18 19 20 21 23 24 25 27 | 27.0
Short Blades   | 2 3 4 6 9 10 11 13 14 | 14.0
Invocations    | 3 7 8 9 10 12 14 15 16 17 18 | 18.7
Dodging        | 5 6 8 9 10 12 13 | 13.8
Shields        | 3 5 7 8 10 11 12 | 12.0
Evocations     | 2 4 5 7 8 10 12 | 12.0
Armour         | 3 5 6 10 12 | 12.0
Spellcasting   | 7 8 10 11 12 | 12.3
Throwing       | 6 10 | 10.0

Action                     |  1- 3 |  4- 6 |  7- 9 | 10-12 | 13-15 | 16-18 | 19-21 | 22-24 | 25-27 || total
---------------------------+-------+-------+-------+-------+-------+-------+-------+-------+-------++-------
  Melee: Dagger            |    60 |    91 |   124 |   513 |   604 |       |       |       |       ||  1392
         Bite              |     9 |    33 |    72 |   215 |   414 |   416 |   660 |  1042 |  1488 ||  4349
         Punch             |     1 |       |     3 |    13 |     1 |       |       |       |       ||    18
         Short sword       |       |       |    71 |    28 |       |       |       |       |       ||    99
         Rapier            |       |       |       |       |   374 |   894 |  1392 |   931 |       ||  3591
         Quick blade       |       |       |       |       |       |       |       |   833 |  2307 ||  3140
  Throw: Dart              |    26 |    47 |    94 |    78 |   132 |    16 |    59 |    53 |    64 ||   569
         Boomerang         |       |     2 |     3 |    15 |       |       |       |       |       ||    20
         Javelin           |       |       |       |       |     1 |    22 |    21 |     1 |     2 ||    47
         Throwing net      |       |       |       |       |       |       |       |       |     1 ||     1
 Invoke: Stomp             |       |     2 |    11 |     8 |     5 |     2 |     2 |       |       ||    30
         Line Pass         |       |       |       |     4 |    16 |    16 |    14 |     1 |     2 ||    53
         Grand Finale      |       |       |       |       |       |       |     2 |       |       ||     2
  Evoke: Wand              |       |       |     8 |     1 |    22 |     5 |    30 |    14 |    16 ||    96
         Phantom mirror    |       |       |       |       |       |       |       |     1 |     1 ||     2
    Use: Scroll            |     1 |     9 |     9 |    15 |    14 |    16 |    10 |    12 |    13 ||    99
         Potion            |       |     2 |     1 |     4 |     4 |     6 |     8 |     4 |     8 ||    37
   Stab: Sleeping          |     4 |     7 |     3 |    27 |    53 |    29 |    64 |    51 |    41 ||   279
         Paralysed         |       |       |       |    14 |    41 |    67 |    81 |   104 |    74 ||   381
         Distracted        |       |       |       |     3 |     3 |     5 |     7 |    42 |    93 ||   153
         Confused          |       |       |       |       |     6 |    11 |     9 |     2 |     1 ||    29
         Invisible         |       |       |       |       |       |       |       |     3 |       ||     3
 Armour: Robe              |     3 |     7 |   101 |   126 |       |       |       |       |       ||   237
         Leather armour    |    31 |    31 |       |       |       |       |       |       |       ||    62
         Steam dragon scal |       |       |       |   128 |   303 |   341 |   662 |   251 |       ||  1685
         Quicksilver drago |       |       |       |       |       |       |       |   186 |   458 ||   644
  Dodge: Dodged            |    34 |    25 |   104 |   209 |   379 |   348 |   696 |   565 |   526 ||  2886
  Block: Buckler           |       |       |       |       |   171 |   144 |   368 |   316 |   270 ||  1269

Table legend: (Time is in decaauts)
 A = Elapsed time spent in this place.
 B = Non-inter-level travel time spent in this place.
 C = Inter-level travel time spent in this place.
 D = Time resting spent in this place.
 E = Time spent auto-exploring this place.
 F = Levels seen in this place.
 G = Mean time per level.
                   A        B        C        D        E       F      G
               +--------+--------+--------+--------+--------+-----+--------+
         Total |  86738 |  78230 |   8508 |  15264 |  34440 |  47 | 1845.5 |
       Dungeon |  28105 |  23493 |   4612 |   2963 |  11023 |  15 | 1873.7 |
          Lair |  10173 |   9380 |    793 |   1125 |   5291 |   5 | 2034.6 |
         Swamp |   4583 |   4229 |    354 |    665 |   1892 |   4 | 1145.8 |
     Snake Pit |   6041 |   5573 |    468 |   1085 |   2641 |   4 | 1510.2 |
  Orcish Mines |   2204 |   1776 |    428 |    132 |    943 |   2 | 1102.0 |
   Elven Halls |   5501 |   5158 |    343 |   1266 |   1593 |   3 | 1833.7 |
        Vaults |  10023 |   9193 |    830 |   1080 |   3499 |   5 | 2004.6 |
        Depths |   5103 |   4766 |    337 |    475 |   2467 |   4 | 1275.8 |
           Zot |  15000 |  14660 |    340 |   6471 |   5087 |   5 | 3000.0 |
               +--------+--------+--------+--------+--------+-----+--------+

Top non-repeatable levels by time:
   Zot:5: 6519 daAuts
Vaults:5: 3282 daAuts
     D:7: 3113 daAuts
  Lair:2: 2836 daAuts
    D:11: 2517 daAuts
   Zot:3: 2500 daAuts
    D:10: 2483 daAuts
    D:15: 2480 daAuts
  Lair:1: 2464 daAuts
     D:4: 2416 daAuts
Vaults:1: 2325 daAuts
     D:9: 2314 daAuts
    D:14: 2312 daAuts
 Snake:4: 2311 daAuts
  Lair:5: 2242 daAuts
